 Dungeon Crawl Stone Soup version 0.21-a0-176-gb3d4b37 (webtiles) character file.

105035 4thArraOfDagon the Bludgeoner (level 16, -22/134 HPs)
             Began as a Hill Orc Fighter on Aug 8, 2017.
             Was a Priest of Hepliaklqana.
             Killed from afar by a deep elf annihilator (24 damage)
             ... with a poison arrow
             ... on level 3 of the Elven Halls.
             The game lasted 01:13:28 (13913 turns).

4thArraOfDagon the Bludgeoner (Hill Orc Fighter)   Turns: 13913, Time: 01:13:29

Health: -22/134    AC: 21    Str: 19    XL:     16   Next: 40%
Magic:  28/28      EV: 14    Int: 16    God:    Hepliaklqana [***...]
Gold:   329        SH:  0    Dex: 10    Spells: 15/15 levels left

rFire    + + .     SeeInvis .   W - +8 eveningstar (freeze)
rCold    . . .     Gourm    .   (no shield)
rNeg     . . .     Faith    +   q - +4 troll leather armour {Snorg}
rPois    .         Spirit   .   x - +0 helmet
rElec    .         Reflect  .   V - +0 cloak {+Inv}
rCorr    .         Harm     .   u - +2 pair of gloves
MR       +++..                  G - +1 pair of boots
Stlth    +.........             m - amulet of faith
HPRegen  0.72/turn              M - ring of the Mage {Wiz MR++ Int+3}
MPRegen  0.21/turn              r - ring of protection from fire

@: lethally poisoned (-22 -> -24)
A: reduced essence, thin metallic scales 1, blink, fire resistance 1, screaming
1, weak 1
a: Blink, Recall Ancestor, Ancestor Identity, Transference, Renounce Religion,
Evoke Invisibility


You were on level 3 of the Elven Halls.
You worshipped Hepliaklqana.
Hepliaklqana was most pleased with you.
You were not hungry.

You visited 4 branches of the dungeon, and saw 21 of its levels.
You also visited: Labyrinth and Ossuary.

You collected 1916 gold pieces.
You spent 1587 gold pieces at shops.

Inventory:

Hand Weapons
 W - a +8 eveningstar of freezing (weapon)
 Y - a +3 blowgun
Missiles
 J - 7 curare-tipped needles
Armour
 q - a +4 troll leather armour (worn) {Snorg}
 u - a +2 pair of gloves (worn)
 x - a +0 helmet (worn)
 G - a +1 pair of boots (worn)
 S - the +8 plate armour of Melancholy {rC+ rN++ Dex-5}
   (You bought it in a shop on level 2 of the Orcish Mines)

   It affects your dexterity (-5).
   It protects you from cold.
   It greatly protects you from negative energy.
 V - a +0 cloak of invisibility (worn)
Jewellery
 b - an uncursed ring of protection from cold {unknown}
 m - an amulet of faith (around neck)
 r - a ring of protection from fire (right hand)
 H - an uncursed ring of see invisible
 M - the ring of the Mage (left hand) {Wiz MR++ Int+3}
   (You found it in a labyrinth)

   [ring of wizardry]

   It improves your spell success rate.
   It affects your intelligence (+3).
   It affects your resistance to hostile enchantments.
Wands
 a - a wand of scattershot (6/9)
 s - a wand of scattershot (2/9)
 O - a wand of iceblast (7/15)
 P - a wand of iceblast (11/15)
 Q - a wand of digging (9/24)
Scrolls
 e - 8 scrolls of remove curse
 j - a scroll of fog
 z - 2 scrolls of recharging
 A - 6 scrolls of enchant armour
 L - 3 scrolls of fear
 N - a scroll of immolation
Potions
 c - 2 potions of cancellation {unknown}
 d - a potion of might
 h - 2 potions of curing
 i - a potion of agility
 n - 3 potions of haste
 o - 2 potions of degeneration {unknown}
 p - a potion of berserk rage
 t - a potion of lignification {unknown}
 w - a potion of magic
 B - a potion of ambrosia
 C - 7 potions of brilliance {unknown}
 D - a potion of invisibility {unknown}
 E - 3 potions of resistance
 K - 2 potions of flight
 Z - 4 potions of mutation
Miscellaneous
 X - a lamp of fire
Comestibles
 f - 13 bread rations
 g - 7 meat rations


   Skills:
 + Level 15.3 Fighting
 * Level 18.5 Maces & Flails
 - Level 12.0 Armour
 - Level 7.1 Dodging
   Level 3.2 Shields
 + Level 16.2 Invocations


You had 15 spell levels left.
You didn't know any spells.

Dungeon Overview and Level Annotations

Branches:
Dungeon (15/15)            Temple (1/1) D:4            Lair (0/6) D:11
    Orc (2/2) D:9             Elf (3/3) Orc:2        Vaults (0/5) D:14
 Depths (0/5) D:15

Altars:
Ashenzari
Cheibriados
Dithmenos
Elyvilon
Fedhas
Gozag
Hepliaklqana
Kikubaaqudgha
Makhleb
Nemelex Xobeh
Okawaru
Qazlal
Ru
Trog
Uskayaw
Vehumet
Wu Jian
Xom
Yredelemnul
Zin
The Shining One
Beogh

Shops:
Orc:2 :*[([*=*   Elf:2 [   Elf:3 [

Annotations:
D:5 sergedm's ghost, amateur DECj
D:10 1 transporter
Elf:1 Louise


Innate Abilities, Weirdness & Mutations

Your life essence is reduced to manifest your ancestor. (-10% HP)
You are partially covered in thin metallic scales. (AC +2)
You can translocate small distances at will.
Your flesh is heat resistant. (rF+)
You occasionally shout uncontrollably at your foes.
You are weak. (Str -2)


Message History

The deep elf master archer shoots an arrow.
The arrow hits you!!!
Unknown command.
You barely miss the deep elf master archer.
The deep elf master archer is moderately wounded.
Impisi closely misses the deep elf master archer.
The deep elf master archer shoots an arrow.
The arrow hits you!!
* * * LOW HITPOINT WARNING * * *
Unknown command.
Unknown command.
You impale the deep elf master archer!! You freeze the deep elf master archer.
The deep elf master archer is heavily wounded.
The deep elf master archer shoots an arrow.
The arrow hits you!
* * * LOW HITPOINT WARNING * * *
The deep elf annihilator gestures at you while chanting.
The poison arrow hits you!
You are lethally poisoned!
You die...

#.# #......# #).#*,,,,,**,,
#.# #......# #.)#*,,,,**,,,
##.###......# #(e##,,,,**+**
#....'......# #.).....e#,,,*
#....'......# #..##ee...,,,*
###++###..?...# #..#*e..e.,⌠,*
#.....##......# #..#*,,...,,,*
#......#).....###..#*,,,..,,,*
##.....e.....@e.(..#**,,,.,,,*
##..........R###..# *,,,,,,,*
##).........# *..#***,,,,,,*
#''##......# *...# *,,,,,,,
#..##......# *..## **,,,,,,
##...'......# *..# **,,,,,
#....'.....## *..# **,,,,
#..###....## *..# *****,,,
#..# ##..## *,,****,*****,


You could see the friendly Impisi the battlemage, a deep elf master archer and a
deep elf annihilator.

Vanquished Creatures
  A deep elf blademaster (Elf:3)
  A deep elf master archer (Elf:3)
  3 deep elf sorcerers
  A deep elf elementalist (Elf:3)
  3 deep elf annihilators (Elf:3)
  2 deep elf demonologists (Elf:3)
  Snorg (D:10)
  A fire dragon (D:15)
  2 deep elf death magi
  Harold (D:11)
  2 deep elf high priests
  A hydra (D:15)
  A vault guard (D:14)
  An ice dragon (D:15)
  3 two-headed ogres
  A tengu warrior (D:14)
  3 dancing weapons
  A centaur warrior (D:15)
  Urug (D:10)
  4 orc high priests (Orc:2)
  6 deep elf knights
  2 unseen horrors
  2 wizards
  4 deep elf archers
  Pikel (D:5)
  2 orc knights (Orc:2)
  23 deep elf magi
  3 orc sorcerers (Orc:2)
  A wolf spider zombie (D:15)
  4 ugly things
  3 cyclopes
  Maurice (D:10)
  2 gargoyles
  An efreet (D:14)
  4 trolls
  The ghost of Tristus the Charmwright, an amateur GnSk (Ossuary)
  Prince Ribbit (D:9)
  A slime creature (D:15)
  2 hippogriffs
  A shadow (D:14)
  An air elemental (Elf:2)
  A water elemental (Elf:1)
  A wraith (D:10)
  3 fire elementals
  5 yaks (D:10)
  A basilisk (D:13)
  A hungry ghost (D:10)
  A steam dragon (D:13)
  3 vampire mosquitoes
  2 wargs (D:10)
  Edmund (D:4)
  28 orc warriors
  4 ice beasts
  A sky beast (D:10)
  A black bear (D:11)
  10 ogres
  3 wolves (D:10)
  6 centaurs
  A crocodile (D:9)
  4 big kobolds
  10 bullfrogs
  2 gnoll sergeants
  3 scorpions (Ossuary)
  A wyvern skeleton (D:14)
  4 killer bees (D:11)
  6 wights (D:10)
  2 bullfrog zombies
  4 crimson imps
  A quasit (D:9)
  3 centaur zombies
  4 hounds
  2 jellies
  A human zombie (Ossuary)
  20 orc priests
  2 bullfrog skeletons
  16 orc wizards
  Ijyb (D:4)
  4 iguanas
  4 worker ants
  2 hound skeletons
  A mummy (Ossuary)
  Robin (D:3)
  3 adders
  5 gnolls
  A howler monkey skeleton (D:9)
  A scorpion zombie (Ossuary)
  2 worker ant zombies (D:9)
  3 shadow imps
  An ooze (D:1)
  An adder zombie (D:7)
  A worm (D:2)
  A dart slug (D:3)
  A leopard gecko (D:6)
  65 orcs
  A ball python (D:1)
  4 giant cockroaches
  A gnoll zombie (Ossuary)
  17 goblins
  10 hobgoblins
  2 jackals (D:8)
  14 kobolds
  3 quokkas
  3 bats
  4 frilled lizards
  A goblin zombie (Ossuary)
  A hobgoblin zombie (Ossuary)
  2 kobold zombies (Ossuary)
  An orc zombie (Ossuary)
  7 rats
427 creatures vanquished.

Vanquished Creatures (collateral kills)
  A deep elf blademaster (Elf:3)
  A deep elf sorcerer (Elf:3)
  An orc warlord (Orc:2)
  The ghost of Dominolapin the Carver, an adept TeAE of Vehumet (Orc:2)
  2 deep elf elementalists (Elf:3)
  3 deep elf demonologists (Elf:3)
  4 deep elf death magi (Elf:3)
  Erolcha (D:11)
  A minotaur (Lab)
  3 centaur warriors
  2 two-headed ogres
  4 dancing weapons
  An orc high priest (Orc:2)
  2 deep elf knights (Elf:3)
  6 deep elf archers
  An unseen horror (D:11)
  An orc knight (Orc:2)
  2 wolf spider zombies (D:14)
  12 deep elf magi
  An orc sorcerer (Orc:2)
  An ugly thing (D:11)
  A manticore (D:12)
  An ice statue (D:13)
  Joseph (D:7)
  A tengu conjurer (D:14)
  A troll (D:15)
  A hornet (D:15)
  3 slime creatures (D:15)
  2 hippogriffs (D:10)
  A centaur simulacrum (D:15)
  An air elemental (Elf:1)
  4 yaks
  Grum (D:10)
  A fire elemental (Elf:3)
  A warg (D:11)
  A hungry ghost (D:8)
  A vampire mosquito (D:14)
  2 water moccasins
  A soldier ant (D:13)
  7 orc warriors
  A sky beast (D:10)
  A wolf (D:10)
  An ice beast (D:11)
  A slave (D:6)
  3 ogres
  A phantom (D:6)
  2 centaurs
  A crocodile (D:13)
  A big kobold (D:9)
  4 gnoll sergeants (D:9)
  2 bullfrogs
  9 scorpions
  4 wights
  A howler monkey (D:5)
  A crimson imp (D:9)
  A centaur zombie (Ossuary)
  A quasit (D:9)
  A bullfrog skeleton (D:11)
  2 centaur skeletons
  A jelly (D:10)
  10 orc priests
  10 orc wizards
  An iguana (D:6)
  2 worker ants (D:9)
  A mummy (Ossuary)
  4 gnolls (Orc:2)
  3 adders
  4 scorpion zombies (Ossuary)
  34 orcs
  A gnoll zombie (Ossuary)
  A goblin (D:4)
  4 jackals (D:9)
  4 kobolds
  An orc zombie (Ossuary)
202 creatures vanquished.

Vanquished Creatures (others)
  A deep elf knight (Elf:3)
  An unseen horror (D:13)
  An acid dragon (D:14)
  A centaur (D:6)
  A bullfrog zombie (D:6)
  A mummy (Ossuary)
  18 battlemagi
24 creatures vanquished.

Grand Total: 653 creatures vanquished

Notes
Turn   | Place    | Note
-------+----------+-------------------------------------------
     0 | D:1      | 4thArraOfDagon the Hill Orc Fighter began the quest for the Orb.
     0 | D:1      | Reached XP level 1. HP: 19/19 MP: 1/1
     1 | D:1      | Noticed an electric eel
   167 | D:1      | Reached XP level 2. HP: 23/27 MP: 2/2
   269 | D:2      | Reached skill level 3 in Maces & Flails
   269 | D:2      | Reached XP level 3. HP: 30/33 MP: 3/3
   563 | D:4      | Found a staircase to the Ecumenical Temple.
   569 | Temple   | Entered the Ecumenical Temple
   576 | Temple   | Became a worshipper of Hepliaklqana the Forgotten
   697 | D:4      | Found an opulent altar of Gozag.
   728 | D:4      | Noticed a phantom
   785 | D:4      | Noticed Ijyb
   795 | D:4      | Killed Ijyb
   795 | D:4      | Reached XP level 4. HP: 30/36 MP: 4/4
   824 | D:4      | Noticed Edmund
   839 | D:4      | Killed Edmund
   839 | D:4      | Reached skill level 4 in Maces & Flails
   839 | D:4      | Reached XP level 5. HP: 34/42 MP: 4/6
   850 | D:5      | Entered Level 5 of the Dungeon
   857 | D:5      | Noticed sergedm's ghost (amateur DECj)
   917 | D:3      | Reached skill level 5 in Fighting
   917 | D:3      | Reached XP level 6. HP: 30/50 MP: 7/7
   950 | D:3      | Noticed Robin
   968 | D:3      | Reached skill level 5 in Maces & Flails
   979 | D:3      | Killed Robin
  1016 | D:3      | Found a shimmering altar of Xom.
  1185 | D:3      | Found a sacrificial altar of Ru.
  1323 | D:1      | Reached * piety under Hepliaklqana
  1699 | D:4      | Found a snail-covered altar of Cheibriados.
  1884 | D:5      | Reached XP level 7. HP: 34/54 MP: 9/9
  1924 | D:5      | Found a bloodstained altar of Trog.
  1924 | D:5      | Found a sparkling altar of Nemelex Xobeh.
  2012 | D:5      | Found an iron altar of Okawaru.
  2078 | D:6      | Reached ** piety under Hepliaklqana
  2080 | D:6      | Remembered your ancestor Impisi as a battlemage
  2093 | D:6      | Reached skill level 6 in Maces & Flails
  2103 | D:6      | Reached skill level 5 in Armour
  2111 | D:6      | Noticed Pikel
  2166 | D:5      | Killed Pikel
  2166 | D:5      | Reached skill level 7 in Maces & Flails
  2166 | D:5      | Reached skill level 5 in Invocations
  2166 | D:5      | Reached XP level 8. HP: 49/63 MP: 11/11
  2530 | D:7      | Reached skill level 8 in Maces & Flails
  2566 | D:7      | Found a shadowy altar of Dithmenos.
  2571 | D:7      | Reached XP level 9. HP: 71/71 MP: 13/13
  2612 | D:7      | Found a sand-covered staircase.
  2621 | Ossuary  | Entered an ossuary
  2839 | Ossuary  | Noticed Tristus's ghost (amateur GnSk)
  2843 | Ossuary  | Killed Tristus's ghost
  2922 | Ossuary  | Reached skill level 9 in Maces & Flails
  3063 | D:7      | Reached *** piety under Hepliaklqana
  3150 | D:7      | Noticed Joseph
  3164 | D:7      | Killed Joseph
  3489 | D:8      | Noticed an unseen horror
  3504 | D:8      | Killed an unseen horror
  3504 | D:8      | Reached skill level 10 in Maces & Flails
  3504 | D:8      | Reached skill level 1 in Dodging
  3504 | D:8      | Reached XP level 10. HP: 59/81 MP: 15/15
  3835 | D:9      | Noticed a centaur warrior
  3848 | D:9      | Noticed a centaur warrior
  4067 | D:8      | Noticed a two-headed ogre
  4076 | D:8      | Killed a two-headed ogre
  4203 | D:9      | Found a staircase to the Orcish Mines.
  4240 | D:9      | Noticed a cyclops
  4286 | D:9      | Killed a cyclops
  4289 | D:9      | Reached skill level 11 in Maces & Flails
  4701 | D:9      | Reached **** piety under Hepliaklqana
  4709 | D:9      | Reached XP level 11. HP: 76/87 MP: 17/17
  4746 | D:9      | Killed a centaur warrior
  4755 | D:9      | Found a basalt altar of Yredelemnul.
  4886 | D:9      | Found a glowing silver altar of Zin.
  4886 | D:9      | Found a snail-covered altar of Cheibriados.
  4888 | D:9      | Found a hazy altar of Hepliaklqana.
  4888 | D:9      | Found a blossoming altar of Fedhas.
  4888 | D:9      | Noticed a two-headed ogre
  4900 | D:9      | Killed a two-headed ogre
  4934 | D:9      | Noticed Prince Ribbit
  4939 | D:9      | Killed Prince Ribbit
  4983 | D:9      | Reached skill level 10 in Fighting
  5056 | D:9      | Killed a centaur warrior
  5137 | D:9      | Found a white marble altar of Elyvilon.
  5161 | D:10     | Entered Level 10 of the Dungeon
  5176 | D:10     | Noticed a two-headed ogre
  5184 | D:10     | Killed a two-headed ogre
  5184 | D:10     | Reached skill level 12 in Maces & Flails
  5193 | D:10     | Found a corrupted altar of Lugonu.
  5234 | D:10     | Noticed Grum
  5237 | D:10     | Reached skill level 10 in Invocations
  5362 | D:10     | Noticed Urug
  5373 | D:10     | Found a transporter.
  5389 | D:10     | Killed Urug
  5553 | D:10     | Noticed an unseen horror
  5554 | D:10     | Noticed a red ugly thing
  5554 | D:10     | Noticed a cyan ugly thing
  5555 | D:10     | Noticed a white ugly thing
  5555 | D:10     | Noticed a purple ugly thing
  5555 | D:10     | Noticed a cyan ugly thing
  5556 | D:10     | Noticed a red ugly thing
  5556 | D:10     | Noticed a red ugly thing
  5558 | D:10     | Noticed a large abomination
  5628 | D:10     | Noticed Maurice
  5638 | D:10     | Killed Maurice
  5712 | D:10     | Killed Grum
  5712 | D:10     | Reached XP level 12. HP: 86/96 MP: 19/19
  5918 | D:10     | Identified a scroll of acquirement
  5977 | D:11     | Found a staircase to the Lair.
  5977 | D:11     | Noticed Erolcha
  5978 | D:11     | Paralysed by Erolcha for 7 turns
  6198 | D:10     | Noticed Snorg
  6204 | D:10     | Killed Snorg
  6322 | D:11     | Killed Erolcha
  6322 | D:11     | Reached skill level 13 in Maces & Flails
  6322 | D:11     | Reached skill level 5 in Dodging
  6374 | D:11     | Noticed Harold
  6392 | D:11     | Killed Harold
  6748 | D:12     | Got a bloodstained chain mail
  6850 | D:12     | Reached skill level 10 in Armour
  7058 | D:13     | Found a labyrinth entrance.
  7082 | Lab      | Entered a labyrinth
  7886 | Lab      | Noticed a minotaur
  7891 | Lab      | Killed a minotaur
  7895 | Lab      | Identified the +2 chain mail of Abstinence {*Contam rElec Regen+} (You found it on level 12 of the Dungeon)
  8068 | D:13     | Reached XP level 13. HP: 104/104 MP: 21/21
  8072 | D:13     | Gained mutation: Your flesh is heat resistant. (rF+) [mutagenic meat]
  8073 | D:13     | Gained mutation: You occasionally shout uncontrollably at your foes. [mutagenic meat]
  8264 | D:14     | You fall through a shaft!
  8264 | D:15     | Entered Level 15 of the Dungeon
  8328 | D:15     | Reached skill level 14 in Maces & Flails
  8427 | D:15     | Gained mutation: You can translocate small distances at will. [mutagenic meat]
  8428 | D:15     | Gained mutation: You are partially covered in thin metallic scales. (AC +2) [mutagenic meat]
  8429 | D:15     | Gained mutation: You are weak. (Str -2) [mutagenic meat]
  8692 | D:14     | Reached ***** piety under Hepliaklqana
  8991 | D:15     | Noticed a fire dragon
  9003 | D:15     | Noticed an ice dragon
  9009 | D:15     | Killed a fire dragon
  9018 | D:15     | Killed an ice dragon
  9026 | D:15     | Found a staircase to the Depths.
  9097 | D:15     | Reached skill level 15 in Maces & Flails
  9257 | D:14     | Noticed a vault guard
  9269 | D:14     | Killed a vault guard
  9272 | D:14     | Reached XP level 14. HP: 92/114 MP: 23/23
  9281 | D:14     | Found a gate to the Vaults.
  9485 | Orc:1    | Entered Level 1 of the Orcish Mines
  9485 | Orc:1    | Noticed an orc warlord
  9489 | Orc:2    | Entered Level 2 of the Orcish Mines
  9492 | Orc:2    | Found Xifibanu's General Store.
  9502 | Orc:2    | Bought a potion of resistance for 120 gold pieces
  9502 | Orc:2    | Bought a scroll of teleportation for 36 gold pieces
  9704 | Orc:2    | Found Tileguce's Armour Emporium.
  9706 | Orc:2    | Found a staircase to the Elven Halls.
  9716 | Orc:2    | Bought the +8 plate armour of Melancholy {rC+ rN++ Dex-5} for 847 gold pieces
  9915 | Orc:2    | Found a roughly hewn altar of Beogh.
  9962 | Orc:2    | Noticed Dominolapin's ghost (adept TeAE)
  9978 | Orc:2    | Killed Dominolapin's ghost
  9983 | Orc:2    | Found Duczeqyne's General Store.
  9991 | Orc:2    | Bought a scroll of fog for 24 gold pieces
 10018 | Orc:2    | Found Rep Nuph's Book Boutique.
 10387 | Orc:2    | Noticed an orc warlord
 10413 | Orc:2    | Killed an orc warlord
 10632 | Orc:2    | Found Matwom's Antique Armour Shop.
 10633 | Orc:2    | Found Ocikonuh's Antique Weapon Shop.
 10634 | Orc:2    | Found Ceceimof's General Store.
 10634 | Orc:2    | Found Xycu's Jewellery Boutique.
 10762 | Elf:1    | Entered Level 1 of the Elven Halls
 10762 | Elf:1    | Noticed Louise
 10997 | Elf:1    | Reached skill level 16 in Maces & Flails
 11049 | Elf:1    | Noticed a deep elf sorcerer
 11058 | Elf:1    | Killed a deep elf sorcerer
 11413 | Elf:2    | Reached XP level 15. HP: 123/123 MP: 25/25
 11498 | Elf:2    | Found Nafedakk's Antique Armour Shoppe.
 11514 | Elf:2    | Bought a transparent plate armour for 560 gold pieces
 11524 | Elf:2    | Identified the cursed +0 plate armour "Fuocw" {*Contam rN+ rCorr} (You bought it in a shop on level 2 of the Elven Halls)
 11542 | Elf:2    | Noticed a deep elf sorcerer
 11564 | Elf:2    | Killed a deep elf sorcerer
 11814 | Elf:3    | Entered Level 3 of the Elven Halls
 11814 | Elf:3    | Found Qekhacopp's Antique Armour Shop.
 11830 | Elf:3    | Reached skill level 17 in Maces & Flails
 11944 | Elf:3    | Reached skill level 15 in Invocations
 12653 | Elf:3    | Noticed a deep elf elementalist
 12676 | Elf:3    | Killed a deep elf elementalist
 12683 | Elf:3    | Noticed a deep elf elementalist
 12684 | Elf:3    | Noticed a deep elf sorcerer
 12687 | Elf:3    | Killed a deep elf elementalist
 12694 | Elf:3    | Killed a deep elf sorcerer
 12695 | Elf:3    | Noticed a deep elf sorcerer
 12704 | Elf:3    | Noticed a deep elf elementalist
 12706 | Elf:3    | Killed a deep elf sorcerer
 12710 | Elf:3    | Noticed a balrug
 12793 | Elf:3    | Noticed a deep elf master archer
 12807 | Elf:3    | Killed a deep elf master archer
 12837 | Elf:3    | Noticed a deep elf elementalist
 12840 | Elf:3    | Killed a deep elf elementalist
 12932 | Elf:3    | Noticed a deep elf blademaster
 12943 | Elf:3    | Noticed a deep elf blademaster
 12945 | Elf:3    | Killed a deep elf blademaster
 12945 | Elf:3    | Reached XP level 16. HP: 78/132 MP: 27/27
 12954 | Elf:3    | Killed a deep elf blademaster
 12954 | Elf:3    | Reached skill level 18 in Maces & Flails
 12961 | Elf:3    | HP: 5/132 [morningstar of protection (25)]
 12970 | Elf:3    | Reached skill level 15 in Fighting
 13380 | Elf:3    | Noticed a Brimstone Fiend
 13580 | Elf:3    | Got a polished morningstar {freeze}
 13581 | Elf:3    | Identified the +4 morningstar "Kigroida" {freeze, Fragile rPois Int-3 Dex+9} (You took it off a deep elf death mage on level 3 of the Elven Halls)
 13687 | Elf:3    | Noticed an Executioner
 13692 | Elf:3    | Noticed a Tzitzimitl
 13720 | Elf:3    | HP: 6/134 [deep elf annihilator/poison arrow (30)]
 13900 | Elf:3    | Noticed a deep elf master archer
 13913 | Elf:3    | HP: 2/134 [deep elf master archer/arrow (15)]
 13913 | Elf:3    | Killed from afar by a deep elf annihilator

Vault maps used:
D:1:      arrival_aquarium_a, st_stairs_9, minmay_gold_behind_fungi,
          minivault_24, grunt_decor_arrowhead
D:3:      lemuel_round_altar, overflow_temple_1_default, dk_noncrumbling_4,
          uniq_robin
D:4:      kennysheep_the_goblin_king, old_standard_altar, cheibriados_altar_1,
          minmay_temple_entry_fiery, minmay_misc_feat_x, uniq_edmund
D:5:      nicolae_overflow_crystal_walls, gammafunk_temple_overflow_statue,
          first_bread
D:6:      uniq_pikel
D:7:      nicolae_dithmenos_through_a_glass_darkly, enter_ossuary_1,
          grunt_ogre_cave, uniq_joseph
D:9:      minmay_the_grid_octo_2x2, tgw_sif, elyvilon_altar_3,
          kennysheep_orc_monster_closet_entryway, yredelemnul_altar_generic,
          uniq_prince_ribbit1, uniq_erica
D:10:     gammafunk_corrupted_shrine, uniq_urug, uniq_snorg, uniq_maurice,
          uniq_grum
D:11:     erik_lair_orcish_takeover, st_stairs_13, kennysheep_boxes,
          uniq_harold, uniq_erolcha
D:13:     lab_entry_generic, minivault_16
D:14:     david_vaults_5, minmay_misc_feat_tower
D:15:     grunt_enter_depths_hoard, serial_park_paths, minmay_splitting_lines,
          st_stairs_7
Temple:   nicolae_temple_no_exploring_needed
Orc:2:    st_orc_congregation, serial_shops, shop, nicolae_shop_crystal, shop,
          nicolae_shop_stone, minmay_orc_temple_c
Elf:1:    minmay_elf_arrival_circle, serial_shops, nicolae_shop_crystal,
          hangedman_corner_corridor, uniq_louise
Elf:2:    serial_shops, shop
Elf:3:    grunt_elf_hall_spiral, serial_shops, shop
Ossuary:  ossuary_minmay_scorpions

Skill      XL: |  1  2  3  4  5  6  7  8  9 10 11 12 13 14 15 16 |
---------------+-------------------------------------------------+-----
Fighting       | 4 5 6 7 8 9 10 11 12 13 14 15 | 15.3
Maces & Flails | 3 4 5 7 8 10 11 12 13 15 16 17 18 | 18.5
Armour         | 4 5 6 7 8 9 10 11 12 | 12.0
Invocations    | 2 3 5 7 9 10 11 13 14 15 16 | 16.2
Dodging        | 1 3 4 5 7 |  7.1
Shields        | |  3.2

Action                   |  1- 3 |  4- 6 |  7- 9 | 10-12 | 13-15 | 16-18 || total
-------------------------+-------+-------+-------+-------+-------+-------++-------
Melee: Flail             |    64 |   175 |   266 |    41 |       |       ||   546
       Dire flail        |       |       |       |    41 |       |       ||    41
       Morningstar       |       |       |       |   213 |       |       ||   213
       Eveningstar       |       |       |       |   152 |   803 |    88 ||  1043
Throw: Throwing net      |       |       |       |     2 |     2 |     1 ||     5
Invok: Recall Ancestor   |       |     1 |       |     1 |     5 |       ||     7
       Ancestor Life: Ba |       |       |     1 |       |       |       ||     1
       Idealise          |       |       |       |     4 |    18 |     1 ||    23
Evoke: Wand              |       |     1 |    19 |    18 |     9 |     3 ||    50
       Lamp of fire      |       |       |       |       |     1 |       ||     1
  Use: Scroll            |     1 |       |     9 |    24 |    12 |     4 ||    50
       Potion            |       |     1 |       |     1 |     7 |     8 ||    17
 Stab: Paralysed         |       |     8 |     4 |       |       |       ||    12
       Distracted        |       |       |       |     7 |    11 |     1 ||    19
       Held in net/web   |       |       |       |     1 |       |       ||     1
  Eat: Fruit             |       |     3 |     3 |     3 |       |       ||     9
       Chunk             |       |     2 |     1 |    10 |    10 |       ||    23
       Royal jelly       |       |       |     1 |     1 |     5 |       ||     7
       Meat ration       |       |       |       |     2 |       |     1 ||     3
Armor: Scale mail        |    45 |    65 |   100 |       |       |       ||   210
       Plate armour      |       |       |    22 |   238 |       |       ||   260
       Troll leather arm |       |       |       |    52 |   323 |    20 ||   395
Dodge: Dodged            |    44 |    64 |    98 |   199 |   425 |    18 ||   848
